AoeStats
← xmattx966388

MegaRandom

505900506Analyzed
4v4 RM · 22d ago on Sep 11, 2026· 32m 21s· 8 players
Game mode
Random Map
Map size
Large (8 player)
Population
200
Speed
Normal
Resources
Standard
Victory
Conquest
Starting age
Dark Age
Ending age
Imperial Age
RankedLock teamsTeams togetherTeam positionsShared explorationLock speedFull tech treeHidden civsTurbo modeCheats
Victory
Defeat
🇮🇳 Ethiopians · India
1159
+13
🇮🇳 Inca · India
1130
+14
🇮🇳 Lithuanians · India
1121
+15
🇮🇳 Franks · India
1090
+16
🇯🇵 Georgians · Japan
1113
-15
🇫🇷 Koreans · France
1104
-15
🇬🇧 Khmer · United Kingdom
1074
-14
🇨🇳 Bohemians · China
1073
-14
Walter2000
9:22 Loom
11:48 Feudal Age
15:51 Castle Age
14:58 Fletching
15:50 Padded Archer Armor
17:05 Leather Archer Armor
18:28 Bodkin Arrow
23:51 Elite Skirmisher
26:50 Wheelbarrow
巨炮叔叔
7:23 Loom
10:23 Feudal Age
11:13 Double-Bit Axe
11:14 Horse Collar
15:20 Scale Mail Armor
20:31 Scale Barding Armor
21:38 Wheelbarrow
24:56 Castle Age
25:06 Forging
28:06 Husbandry
29:46 Chain Barding Armor
31:59 Iron Casting
Blawckdown
11:24 Feudal Age
16:30 Castle Age
24:57 Fletching
25:29 Crossbowman
xmattx966388
9:50 Loom
12:37 Feudal Age
13:44 Double-Bit Axe
15:32 Scale Mail Armor
16:26 Forging
18:30 Scale Barding Armor
20:21 Bloodlines
24:40 Castle Age
24:22 Wheelbarrow
28:34 Chain Barding Armor
29:35 Light Cavalry
haru
5:00 Loom
10:03 Feudal Age
10:56 Double-Bit Axe
14:07 Gold Mining
15:47 Horse Collar
20:10 Castle Age
21:15 Bloodlines
21:15 Scale Barding Armor
21:21 Forging
27:31 Husbandry
30:29 Chain Barding Armor
32:07 Iron Casting
V2 ツ
8:01 Loom
10:06 Feudal Age
10:50 Double-Bit Axe
13:53 Forging
15:48 Scale Barding Armor
21:45 Castle Age
21:16 Gold Mining
22:56 Husbandry
25:40 Iron Casting
25:58 Chain Barding Armor
29:27 Wheelbarrow
unspokenspecter
8:20 Loom
11:24 Feudal Age
12:07 Double-Bit Axe
12:03 Horse Collar
11:51 Champi Runner
12:16 Arson
16:56 Town Watch
18:26 Scale Mail Armor
18:37 Forging
20:48 Castle Age
21:40 Wheelbarrow
20:56 Champi Warrior
21:36 Squires
21:54 Chain Mail Armor
21:50 Forging
22:33 Bow Saw
23:34 Gold Mining
NightShade
6:52 Loom
7:29 Loom
10:04 Feudal Age
12:36 Double-Bit Axe
16:46 Fletching
19:17 Padded Archer Armor
19:27 Forging
19:22 Horse Collar
19:54 Gold Mining
25:25 Castle Age
26:23 Bodkin Arrow
26:28 Padded Archer Armor
25:53 Crossbowman
26:45 Thumb Ring
29:09 Ballistics
32:47 Wheelbarrow
Connection lost

Rejoining the realm…

Still unreachable

The connection could not be restored.

Session expired

The server has moved on; the page needs a fresh start.